 Dungeon Crawl Stone Soup version 0.17-a0-1295-gefc790a (webtiles) character file.

114 Max123 the Skirmisher (level 5, -4/42 HPs)
             Began as a Human Berserker on June 7, 2015.
             Was a Believer of Trog.
             Slain by a gnoll
             ... wielding a +0 halberd
              (10 damage)
             ... on level 2 of the Dungeon.
             The game lasted 00:43:10 (2991 turns).

Max123 the Skirmisher (Human Berserker)             Turns: 2991, Time: 00:43:10

Health: -4/42      AC: 11    Str: 19    XL:     5   Next: 19%
Magic:  5/5        EV:  5    Int:  7    God:    Trog [**....]
Gold:   56         SH:  7    Dex: 12    Spells: 0 memorised, 4 levels left

rFire  . . .     SeeInvis .     a - +0 spear
rCold  . . .     Clarity  .     l - +0 chain mail
rNeg   . . .     SustAt   +     B - +0 shield
rPois  .         Gourm    .     x - +0 helmet
rElec  .         Spirit   .     (no cloak)
rCorr  .         Warding  .     r - +0 pair of gloves
rMut   .         Stasis   .     (no boots)
MR     .....                    (no amulet)
Stlth  ..........               (no ring)
                                e - ring of sustain attributes

@: not resistant to hostile enchantments, extremely unstealthy
A: no striking features
a: Burn Spellbooks, Berserk, Trog's Hand, Renounce Religion


You were on level 2 of the Dungeon.
You worshipped Trog.
Trog was pleased with you.
You were hungry.

You visited 1 branch of the dungeon, and saw 2 of its levels.

You collected 56 gold pieces.

Inventory:

Hand weapons
 a - a +0 spear (weapon)
 n - a +0 hunting sling
 u - a +0 long sword
 v - a +0 mace
Missiles
 h - 72 stones (quivered)
 i - 54 arrows
Armour
 b - a +0 animal skin
 l - a +0 chain mail (worn)
 p - a +1 robe of cold resistance
 r - a +0 pair of gloves (worn)
 w - a +0 animal skin
 x - a +0 helmet (worn)
 B - a +0 shield (worn)
Jewellery
 e - a ring of sustain attributes (left hand)
Scrolls
 f - a scroll of fog {unknown}
 g - a scroll of magic mapping {unknown}
 k - a scroll of teleportation {unknown}
 m - a scroll of enchant weapon {unknown}
 s - a scroll of noise {unknown}
 t - 2 scrolls of identify {unknown}
 y - a scroll of enchant armour {unknown}
Potions
 d - 2 potions of curing {unknown}
 j - a potion of cure mutation {unknown}
 o - a potion of brilliance {unknown}
 q - a potion of ambrosia {unknown}
 A - a potion of invisibility {unknown}
Comestibles
 c - a bread ration
 z - a royal jelly


   Skills:
 + Level 3.8 Fighting
 * Level 3.7 Polearms
 + Level 3.1 Armour
 - Level 2.3 Dodging
 + Level 1.2 Stealth


You had 4 spell levels left.
You didn't know any spells.

Dungeon Overview and Level Annotations

Branches:
Dungeon (2/15)

Altars:
Nemelex Xobeh


Message History

The gnoll hits you but does no damage. The gnoll closely misses you.
The gnoll completely misses you. The gnoll hits you but does no damage.
You block the gnoll's attack. You block the gnoll's attack.
The gnoll hits you with a whip.
* * * LOW HITPOINT WARNING * * *
The gnoll barely misses you. The gnoll hits you with a whip.
* * * LOW HITPOINT WARNING * * *
The gnoll hits you but does no damage. The gnoll barely misses you.
A ball python comes into view.
The gnoll hits you but does no damage. You block the gnoll's attack.
You hit the ball python.
You kill the ball python!
Trog accepts your kill. The gnoll barely misses you. x2
The gnoll hits you but does no damage.
The gnoll hits you from afar with a halberd!
You die...

.### ##..##...##
## #.# ...#
#.####.. #.# #.#
#. ...# #.## #
#. ..###### #..#
... ... #.##...#
##.# #.. #.#
#..#...# #<#
#..# #.#
#..#...# #.# ##
...##.# #..#...#
#.# . #..#.#
#.@...# #.# #
#.#.## #.#g..#
#.# # #....#
#.#g..# #.# #
###....###
#.#...# #.# #
#...##...#
#...### #.# #
#.######.###..##
#.# ####.#
#.....## #.#
.....### ####..#
#.# .......#
#....# #.#


You could see 2 gnolls.

Vanquished Creatures
  A gnoll (D:2)
  Robin (D:2)
  3 adders
  An ooze (D:1)
  A worm (D:1)
  3 giant geckos (D:1)
  A ball python (D:2)
  5 bats
  2 giant cockroaches
  5 hobgoblins
  3 jackals (D:1)
  3 giant newts
  14 goblins
  6 kobolds (D:1)
  4 rats
53 creatures vanquished.

Notes
Turn   | Place    | Note
--------------------------------------------------------------
     0 | D:1      | Max123 the Human Berserker began the quest for the Orb.
     0 | D:1      | Reached XP level 1. HP: 18/18 MP: 1/1
     2 | D:1      | Noticed a ghoul
     2 | D:1      | Noticed a gargoyle
     4 | D:1      | Noticed an elf
     4 | D:1      | Noticed a human
     6 | D:1      | Noticed a vine stalker
     6 | D:1      | Noticed a tengu
     8 | D:1      | Noticed a minotaur
    10 | D:1      | Noticed a vampire
    10 | D:1      | Noticed a demigod
    12 | D:1      | Noticed a dwarf
    14 | D:1      | Noticed a merfolk
    14 | D:1      | Noticed a formicid
    16 | D:1      | Noticed a spriggan
    18 | D:1      | Noticed a draconian
    18 | D:1      | Noticed a troll
    20 | D:1      | Noticed a naga
    22 | D:1      | Noticed a felid
    22 | D:1      | Noticed a centaur
    28 | D:1      | Noticed an ogre
    30 | D:1      | Noticed an octopode
    30 | D:1      | Noticed a demonspawn
   316 | D:1      | Reached XP level 2. HP: 20/24 MP: 2/2
   808 | D:1      | Reached XP level 3. HP: 20/29 MP: 3/3
   962 | D:1      | Found a sparkling altar of Nemelex Xobeh.
  1636 | D:1      | Acquired Trog's second power
  1816 | D:1      | Reached XP level 4. HP: 26/35 MP: 4/4
  2477 | D:2      | Noticed Robin
  2528 | D:2      | Reached skill level 1 in Stealth
  2575 | D:2      | Killed Robin
  2575 | D:2      | Reached XP level 5. HP: 29/42 MP: 5/5
  2991 | D:2      | Slain by a gnoll

Vault maps used:
D:1:      kb_arrival_jail, nemelex_diamond_rough_becter
D:2:      uniq_robin

Action                   |  1- 3 |  4- 6 || total
-------------------------+-------+-------++-------
Melee: Spear             |   140 |   152 ||   292
Invok: Berserk           |       |     1 ||     1
  Eat: Chunk             |     3 |     4 ||     7
